 Dungeon Crawl Stone Soup version 0.27-a0-29-g2d0a2396b0 (webtiles) character file.

Game seed: 5626616329949297554

28 Sonofthefire the Sneak (level 3, -6/26 HPs)
             Began as an Octopode Delver on Jan 3, 2021.
             Mangled by an ogre
             ... wielding a +0 giant spiked club
              (15 damage)
             ... on level 5 of the Dungeon.
             The game lasted 00:00:54 (382 turns).

Sonofthefire the Sneak (Octopode Delver)             Turns: 382, Time: 00:00:54

Health: -6/26      AC:  1    Str: 12    XL:     3   Next: 14%
Magic:  3/3        EV: 13    Int: 12    God:
Gold:   0          SH:  0    Dex: 13    Spells: 2/2 levels left

rFire    . . .     SeeInvis .   f - +0 dagger
rCold    . . .     Faith    .   (no shield)
rNeg     . . .     Spirit   .   (helmet restricted)
rPois    .         Reflect  .   (no amulet)
rElec    .         Harm     .   (no ring)
rCorr    .         Rampage  .   (no ring)
Will     .....                  (no ring)
Stlth    +++++.....             (no ring)
HPRegen  0.08/turn              (no ring)
MPRegen  0.08/turn              (no ring)
                                (no ring)
                                (no ring)

@: hasted, very quick
A: almost no armour, stealthy swim, amphibious, 8 rings, constrict 8, camouflage
1, gelatinous body 1
a: no special abilities


You were on level 5 of the Dungeon.
You visited 1 branch of the dungeon, and saw 1 of its levels.

Inventory:

Hand Weapons
 f - a +0 dagger (weapon)
Wands
 e - a wand of digging (3)
Scrolls
 a - a scroll of fog
 b - a scroll of magic mapping
 c - a scroll of fear


   Skills:
 + Level 3.1 Fighting
 + Level 2.0 Dodging
 + Level 7.5 Stealth
 + Level 2.2 Unarmed Combat


You had 2 spell levels left.
You didn't know any spells.
Your spell library was empty.

Dungeon Overview and Level Annotations

Branches:
Dungeon (5/15)
 Temple: D:4-7

Altars:

Annotations:
D:5 Menkaure


Innate Abilities, Weirdness & Mutations

You cannot wear most types of armour.
You are very stealthy in the water. (Stealth+)
You are amphibious.
You can wear up to eight rings at the same time.
You can use your tentacles to constrict eight enemies at once.
Your skin changes colour to match your surroundings (Stealth+).
Your rubbery body absorbs attacks. (AC +1, EV +1)


Message History

The ogre shouts!
Menkaure, Prince of Dust comes into view.
Menkaure shouts!
Menkaure casts a spell.
Menkaure seems to speed up.
Menkaure calls on the powers of darkness!
The ogre convulses!
Your body is wracked with pain!
Okay, then.
You feel yourself speed up.
You barely miss the ogre.
The ogre is heavily wounded.
Menkaure calls on the powers of darkness!
The ogre convulses!
Your body is wracked with pain!
You hear an angry hiss.
You hit the ogre but do no damage. You squeeze the ogre!
The ogre is almost dead.
An iguana comes into view.
The ogre hits you with a +0 giant spiked club!
Ouch! That really hurt!
You die...

### #@##
####O#
#..#.#
#..M##
##...#
#...# #.
##..##
#.#
#l..#
##..##.
#...##
#.......


You could see an ogre, Menkaure (fast) and an iguana.

Vanquished Creatures
  An orc wizard (D:5)
  2 orcs (D:5)
3 creatures vanquished.

Notes
Turn   | Place    | Note
-------+----------+-------------------------------------------
     0 | D:5      | Sonofthefire the Octopode Delver began the quest for the
                  | Orb.
     0 | D:5      | Reached XP level 1. HP: 16/16 MP: 1/1
    25 | D:5      | Noticed an orc wizard
    34 | D:5      | Killed an orc wizard
    35 | D:5      | Reached skill level 7 in Stealth
    35 | D:5      | Reached XP level 2. HP: 2/21 MP: 2/2
    35 | D:5      | Reached XP level 3. HP: 2/26 MP: 3/3
   199 | D:5      | Noticed an ogre
   356 | D:5      | Noticed Menkaure
   382 | D:5      | Mangled by an ogre

Illustrated notes

Levels and vault maps discovered:
D:5:      minmay_spotlight, layout_layer_cave, ebering_ghost_sewer_d,
          uniq_edmund, uniq_menkaure

Skill      XL: |  1 |
---------------+----+-----
Stealth        | 7 |  7.5
Fighting       | |  3.1
Dodging        | |  2.0
Unarmed Combat | |  2.2

Action                   || total
-------------------------++-------
Melee: Unarmed           ||     6
       Tentacles         ||     3
       Constrict         ||     2
       Punch             ||     1
       Dagger            ||     2
  Use: Potion            ||     1
 Stab: Sleeping          ||     1
Dodge: Dodged            ||     1

Table legend: (Time is in decaauts)
 A = Elapsed time spent in this place.
 B = Non-inter-level travel time spent in this place.
 C = Inter-level travel time spent in this place.
 D = Time resting spent in this place.
 E = Time spent auto-exploring this place.
 F = Levels seen in this place.
 G = Mean time per level.
                   A        B        C        D        E       F      G
               +--------+--------+--------+--------+--------+-----+--------+
         Total |    380 |    380 |      0 |    272 |     36 |   1 |  380.0 |
       Dungeon |    380 |    380 |      0 |    272 |     36 |   1 |  380.0 |
               +--------+--------+--------+--------+--------+-----+--------+

Top non-repeatable levels by time:
     D:5: 380 daAuts
